 Dungeon Crawl Stone Soup version 0.21.1-1-g345015f (webtiles) character file.

448 wojtek the Cleaver (level 6, 0/51 HPs)
             Began as a Minotaur Fighter on July 23, 2018.
             Slain by a gnoll
             ... wielding a +0 spear
              (10 damage)
             ... on level 4 of the Dungeon.
             The game lasted 00:02:40 (3035 turns).

wojtek the Cleaver (Minotaur Fighter)               Turns: 3035, Time: 00:02:41

Health: 0/51       AC:  6    Str: 22    XL:     6   Next: 73%
Magic:  5/5        EV:  7    Int:  5    God:
Gold:   148        SH:  9    Dex: 10    Spells: 5/5 levels left

rFire    . . .     SeeInvis .   a - +0 war axe
rCold    . . .     Gourm    .   c - +0 shield
rNeg     . . .     Faith    .   b - +0 scale mail
rPois    .         Spirit   .   (helmet restricted)
rElec    .         Reflect  .   (no cloak)
rCorr    .         Harm     .   (no gloves)
MR       .....                  (no boots)
Stlth    ..........             (no amulet)
HPRegen  0.17/turn              (no ring)
MPRegen  0.09/turn              (no ring)

@: no status effects
A: retaliatory headbutt, horns 2
a: no special abilities


You were on level 4 of the Dungeon.
You were not hungry.

You visited 1 branch of the dungeon, and saw 4 of its levels.

You collected 148 gold pieces.

Inventory:

Hand Weapons
 a - a +0 war axe (weapon)
Armour
 b - a +0 scale mail (worn)
 c - a +0 shield (worn)
Jewellery
 r - an uncursed ring of wizardry {unknown}
Scrolls
 e - 2 scrolls of magic mapping {unknown}
 h - 4 scrolls of identify {unknown}
 k - a scroll of teleportation {unknown}
 n - 2 scrolls of remove curse {unknown}
 t - a scroll of amnesia {unknown}
Potions
 d - a potion of might
 g - a potion of mutation {unknown}
 i - a potion of berserk rage {unknown}
 j - 3 potions of agility {unknown}
 l - a potion of cancellation {unknown}
 m - a potion of curing {unknown}
 o - 2 potions of magic {unknown}
 p - 2 potions of lignification {unknown}
 q - a potion of flight {unknown}
Comestibles
 f - 3 rations
 s - 2 chunks of flesh


   Skills:
 - Level 3.6 Fighting
 + Level 8.8 Axes
 - Level 3.6 Armour
 - Level 3.6 Shields


You had 5 spell levels left.
You didn't know any spells.

Dungeon Overview and Level Annotations

Branches:
Dungeon (4/15)
 Temple: D:4-7

Altars:
Nemelex Xobeh

Annotations:
D:3 Rwicked's ghost, amateur GrEE
D:4 1 runed door


Innate Abilities, Weirdness & Mutations

You reflexively headbutt those who attack you in melee.
You have a pair of horns on your head.


Message History

Unknown command.
Your shield prevents you from hitting the gnoll.
Your headbutt misses the gnoll.
The gnoll is almost dead.
You closely miss the gnoll. You hit the gnoll. The gnoll closely misses you.
The gnoll hits you from afar with a spear.
The gnoll shaman calls upon its god to speed up the gnoll.
The gnoll seems to speed up.
You block the gnoll's attack. The gnoll hits you with a halberd!
* * * LOW HITPOINT WARNING * * *
The gnoll hits you with a flail.
* * * LOW HITPOINT WARNING * * *
You are too injured to fight recklessly!
Unknown command.
You are too injured to fight recklessly!
You block the gnoll's attack.
The gnoll shaman calls upon its god to speed up the gnoll.
The gnoll seems to speed up.
The gnoll hits you from afar with a spear!
You die...

#..........
##........... ..
#...........# ..##
##.........# ....##
##.........
.....####..........
#.............>.#
###......#.....##
##..@####...##
#.g## ...# ##g.#
#..# ##gog# ..#
#g...# .# #.go...#
.........#
.............
#...............


You could see a gnoll shaman, 5 gnolls and 2 orcs.

Vanquished Creatures
  Sigmund (D:2)
  Jessica (D:2)
  A gnoll shaman (D:4)
  Natasha (thrice) (D:2)
  A worker ant (D:4)
  Robin (D:4)
  4 adders
  3 gnolls (D:4)
  An ooze (D:2)
  2 worms (D:3)
  4 dart slugs
  A leopard gecko (D:4)
  8 bats
  A giant cockroach (D:2)
  6 goblins
  10 hobgoblins
  4 jackals
  6 kobolds
  A quokka (D:3)
  3 frilled lizards
  7 rats
69 creatures vanquished.

Notes
Turn   | Place    | Note
-------+----------+-------------------------------------------
     0 | D:1      | wojtek the Minotaur Fighter began the quest for the Orb.
     0 | D:1      | Reached XP level 1. HP: 19/19 MP: 0/0
    78 | D:1      | Reached skill level 3 in Axes
   253 | D:1      | Reached XP level 2. HP: 20/26 MP: 1/1
   640 | D:1      | Found a sparkling altar of Nemelex Xobeh.
   798 | D:2      | Noticed Jessica
   801 | D:2      | Killed Jessica
   801 | D:2      | Reached skill level 4 in Axes
   801 | D:2      | Reached XP level 3. HP: 30/31 MP: 2/2
   813 | D:2      | Reached skill level 5 in Axes
   868 | D:2      | Noticed Sigmund
   876 | D:2      | Killed Sigmund
   876 | D:2      | Reached skill level 7 in Axes
   876 | D:2      | Reached XP level 4. HP: 34/39 MP: 3/3
   876 | D:2      | Reached XP level 5. HP: 39/45 MP: 4/4
  1076 | D:2      | Noticed Natasha
  1086 | D:2      | Killed Natasha
  1249 | D:2      | Noticed Natasha
  1262 | D:2      | Killed Natasha
  1262 | D:2      | Reached XP level 6. HP: 24/51 MP: 5/5
  1532 | D:2      | Noticed Natasha
  1537 | D:2      | Killed Natasha
  1537 | D:2      | Reached skill level 8 in Axes
  2326 | D:3      | Noticed Rwicked's ghost (amateur GrEE)
  2535 | D:4      | Noticed Robin
  2547 | D:4      | Killed Robin
  2844 | D:4      | Found a runed door.
  3035 | D:4      | Slain by a gnoll

Skill      XL: |  1  2  3  4  5  6 |
---------------+-------------------+-----
Axes           | 3 4 7 8 |  8.8
Fighting       | |  3.6
Armour         | |  3.6
Shields        | |  3.6

Action                   |  1- 3 |  4- 6 || total
-------------------------+-------+-------++-------
Melee: War axe           |    52 |    99 ||   151
       Headbutt          |     7 |    24 ||    31
       Unarmed           |       |     9 ||     9
  Eat: Chunk             |       |     7 ||     7
Armor: Scale mail        |    39 |    24 ||    63
Dodge: Dodged            |    27 |    30 ||    57
Block: Shield            |    32 |    46 ||    78
